 Dungeon Crawl Stone Soup version 0.21.1-1-g345015f (webtiles) character file.

11 shakethe the Chopper (level 2, 9/22 HPs)
             Began as a Demonspawn Gladiator on Feb 27, 2018.
             Quit the game on level 1 of the Dungeon.
             The game lasted 00:00:16 (55 turns).

shakethe the Chopper (Demonspawn Gladiator)           Turns: 55, Time: 00:00:16

Health: 9/22       AC:  4    Str: 14    XL:     2   Next: 13%
Magic:  2/2        EV: 12    Int:  9    God:
Gold:   0          SH:  0    Dex: 14    Spells: 1/1 levels left

rFire    . . .     SeeInvis .   a - +0 war axe
rCold    . . .     Gourm    .   (no shield)
rNeg     . . .     Faith    .   b - +0 leather armour
rPois    .         Spirit   .   c - +0 helmet
rElec    .         Reflect  .   (no cloak)
rCorr    .         Harm     .   (no gloves)
MR       .....                  (no boots)
Stlth    +.........             (no amulet)
HPRegen  0.07/turn              (no ring)
MPRegen  0.08/turn              (no ring)

@: no status effects
A: rot immunity
a: no special abilities


You were on level 1 of the Dungeon.
You were not hungry.

You visited 1 branch of the dungeon, and saw 1 of its levels.

Inventory:

Hand Weapons
 a - a +0 war axe (weapon)
Missiles
 d - 3 throwing nets {=f, !d}
Armour
 b - a +0 leather armour (worn)
 c - a +0 helmet (worn)
Comestibles
 f - 3 rations


   Skills:
 + Level 2.2 Fighting
 * Level 3.0 Axes
 - Level 1.7 Throwing
 + Level 2.8 Dodging


You had one spell level left.
You didn't know any spells.

Dungeon Overview and Level Annotations

Branches:
Dungeon (1/15)

Altars:


Innate Abilities, Weirdness & Mutations

You are immune to rotting.


Message History

You closely miss the jackal. The jackal misses you. The jackal bites you.
You take 1 damage, and have 10/16 hp.
You barely miss the jackal. The jackal closely misses you.
The jackal barely misses you.
You hit the jackal.
You kill the jackal!
The jackal barely misses you.
You closely miss the jackal.
The jackal bites you but does no damage.
The jackal misses you.
You slash the jackal!
You kill the jackal!
The jackal bites you.
You slash the jackal!
You kill the jackal!
No target in view!
No target in view!
No target in view!
No target in view!
No target in view!
No target in view!
No target in view!
No target in view!
No target in view!
No target in view!
No target in view!
No target in view!
No target in view!
No target in view!
No target in view!
A bat comes into view.
The bat misses you.
A jackal comes into view.
The jackal barks!
The bat hits you but does no damage.
Found a stone staircase leading down.
You hit the bat. The bat barely misses you.
The bat hits you but does no damage. 2 jackals come into view.
The jackal barks! x2
The bat hits you but does no damage. The bat closely misses you.
You hit the bat.
You kill the bat!
The jackal completely misses you.
You hit the jackal. The jackal completely misses you.
The jackal barely misses you.
You barely miss the jackal. You closely miss the jackal.
You barely miss the jackal. The jackal bites you. The jackal barely misses you.
The jackal closely misses you. The jackal misses you.
The jackal closely misses you.
The jackal bites you but does no damage.
You take 2 damage, and have 8/16 hp.
You are too injured to fight recklessly!
You are too injured to fight recklessly!
You are too injured to fight recklessly!
You are too injured to fight recklessly!
You are too injured to fight recklessly!
You are too injured to fight recklessly!
There are monsters nearby!
You are too injured to fight recklessly!
You are too injured to fight recklessly!
You are too injured to fight recklessly!
You are too injured to fight recklessly!
You are too injured to fight recklessly!
You are too injured to fight recklessly!
You are too injured to fight recklessly!
You are too injured to fight recklessly!
You hit the jackal but do no damage. You hit the jackal.
You kill the jackal!
Your Axes skill increases to level 3!
You have reached level 2!
Your demonic ancestry asserts itself...
You feel immune to rotting.
You hit the jackal. The jackal closely misses you.
The jackal completely misses you.
The jackal bites you but does no damage. x2
You closely miss the jackal. You barely miss the jackal.
The jackal barely misses you.
The jackal bites you but does no damage.
The jackal misses you.
The jackal bites you but does no damage.
You regained 4 hp, and now have 12/22 hp.
MP restored: 2 You closely miss the jackal.
You hit the jackal. The jackal barely misses you.
The jackal bites you but does no damage. x2
The jackal barely misses you.
You slash the jackal!
You kill the jackal!
You closely miss the jackal. The jackal closely misses you.
The jackal bites you but does no damage.
The jackal bites you.
You see here a bat corpse.
You take 3 damage, and have 9/22 hp.
The jackal bites you but does no damage.
You see here a jackal corpse.
You barely miss the jackal.
The jackal bites you but does no damage. x2
You slash the jackal!
You kill the jackal!
You see here a jackal corpse.

#..).....#
#.##...### #.##...#
#.##...#
####.##...######
.#...............
...................
.###..?............
####.#.@...###.#
#.#[††.......
#.#......##.#
#........#
#.........#
#...........
#.>.......###
##.....!....
........###


There were no monsters in sight!

Vanquished Creatures
  A bat (D:1)
  A goblin (D:1)
  6 jackals (D:1)
8 creatures vanquished.

Notes
Turn   | Place    | Note
-------+----------+-------------------------------------------
     0 | D:1      | shakethe the Demonspawn Gladiator began the quest for the Orb.
     0 | D:1      | Reached XP level 1. HP: 16/16 MP: 1/1
    46 | D:1      | Reached skill level 3 in Axes
    46 | D:1      | Gained mutation: You are immune to rotting. [demonic ancestry]
    46 | D:1      | Reached XP level 2. HP: 12/22 MP: 2/2
    55 | D:1      | Quit the game

Skill      XL: |  1 |
---------------+----+-----
Axes           | 3 |  3.0
Fighting       | |  2.2
Throwing       | |  1.7
Dodging        | |  2.8

Action                   || total
-------------------------++-------
Melee: War axe           ||    32
Armor: Leather armour    ||    19
Dodge: Dodged            ||    37

Vault maps used:
D:1:      tarquinn_simple_flora_water_d, minmay_quantized

Table legend:
 A = Turns spent in this place as a percentage of turns spent in the entire game.
 B = Non-inter-level travel turns spent in this place as a percentage of non-inter-level travel turns spent in the entire game.
 C = Inter-level travel turns spent in this place as a percentage of turns spent in this place.
 D = Turns resting spent in this place as a percentage of non-inter-level travel turns spent in this place.
 E = Turns spent auto-exploring this place as a percentage of non-inter-level travel turns spent in this place.
 F = Non-inter-level travel turns spent in this place divided by the number of levels of this place that you've seen.
                   A       B       C       D       E      F
               +-------+-------+-------+-------+-------+----------------------
         Total | 100.0 | 100.0 |   0.0 |   0.0 |  25.5 |  55.0
       Dungeon | 100.0 | 100.0 |   0.0 |   0.0 |  25.5 |  55.0
               +-------+-------+-------+-------+-------+----------------------

Table legend:
 A = Kills in this place as a percentage of kills in entire the game.
 B = Kills by you in this place as a percentage of kills by you in the entire game.
 C = Kills by friends in this place as a percentage of kills by friends in the entire game.
 D = Other kills in this place as a percentage of other kills in the entire game.
 E = Experience gained in this place as a percentage of experience gained in the entire game.
 F = Experience gained in this place divided by the number of levels of this place that you have seen.
                   A       B       C       D       E      F
               +-------+-------+-------+-------+-------+----------------------
         Total | 100.0 | 100.0 |   N/A |   N/A | 100.0 |  16.0
       Dungeon | 100.0 | 100.0 |   N/A |   N/A | 100.0 |  16.0
               +-------+-------+-------+-------+-------+----------------------
